 Dungeon Crawl Stone Soup version 0.29.1-13-g9f3cf754e1 (webtiles) character file.

Game seed: 4010976666020178540

42 Vulpanium the Ducker (level 3, -9/30 HPs)
             Began as a Djinni Monk on Jan 22, 2023.
             Killed from afar by a white imp (10 damage)
             ... with a puff of frost
             ... on level 3 of the Dungeon.
             The game lasted 00:04:14 (2604 turns).

Vulpanium the Ducker (Djinni Monk)                  Turns: 2604, Time: 00:04:15

Health: -9/30      AC:  8    Str: 12    XL:     3   Next: 80%
Gold:   112        EV:  6    Int: 11    God:
                   SH:  0    Dex: 15

rFire   + + .      SeeInvis .   a - +0 hand axe
rCold   x . .      Faith    .   (no shield)
rNeg    . . .      Spirit   .   r - +0 chain mail
rPois   ∞          Reflect  .   (no helmet)
rElec   .          Harm     .   (no cloak)
rCorr   .          Rampage  .   (no gloves)
Will    .....                   (boots unavailable)
Stlth   ..........              (no amulet)
HPRegen 0.10/turn               (no ring)
MPRegen 0.00/turn               (no ring)

@: flying
A: sickness immunity, fire resistance 2, cold vulnerability 1, float, innate
caster, HP casting, extra vitality 1
a: no special abilities


You were on level 3 of the Dungeon.
You visited 1 branch of the dungeon, and saw 3 of its levels.

You collected 112 gold pieces.

Inventory:

Hand Weapons
 a - a +0 hand axe (weapon)
Armour
 k - a +2 robe of positive energy
 r - a +0 chain mail (worn)
Scrolls
 e - a scroll of amnesia {unknown}
 g - 6 scrolls of identify {unknown}
 i - a scroll of vulnerability {unknown}
 j - a scroll of teleportation {unknown}
 p - a scroll of immolation {unknown}
 q - a scroll of blinking {unknown}
Potions
 b - a potion of invisibility {unknown}
 c - a potion of ambrosia
 d - a potion of might {unknown}
 f - a potion of heal wounds {unknown}
 h - 2 potions of curing {unknown}
 l - a potion of attraction {unknown}
 n - a potion of degeneration {unknown}
 o - 2 potions of cancellation {unknown}


   Skills:
 + Level 3.2 Fighting
 + Level 3.0 Axes
 * Level 0.8 Armour
 + Level 3.8 Dodging
 - Level 1.7 Stealth


You had one spell level left.
You knew the following spells:

 Your Spells              Type           Power      Damage    Failure   Level
a - Necrotise             Necr           0%         1d4       100%        1
Your spell library was empty.


Dungeon Overview and Level Annotations

Branches:
Dungeon (3/15)

Altars:


Innate Abilities, Weirdness & Mutations

You are immune to sickness and miasma.
You are immune to poison.
Your flesh is very heat resistant. (rF++)
You are vulnerable to cold. (rC-)
You float through the air rather than walking.
You learn spells naturally, not from books.
Your magical power is your life essence.
You have superior vitality. (+4 MHP)


Message History

The adder closely misses you.
You barely miss the adder.
The adder is moderately wounded.
The adder bites you but does no damage. x2
You barely miss the adder.
The adder is moderately wounded.
The adder completely misses you.
You closely miss the adder.
The adder is moderately wounded.
The adder bites you. The adder bites you but does no damage.
You barely miss the adder.
The adder is moderately wounded.
The adder closely misses you.
You miss the adder.
The adder is moderately wounded.
The adder bites you but does no damage. x2
You slash the adder!
The adder is almost dead.
The adder bites you but does no damage.
You barely miss the adder.
The adder is almost dead.
The adder completely misses you. The adder barely misses you.
You hit the adder.
You kill the adder!
Your Axes skill increases to level 3!
You closely miss the white imp. The white imp hits you.
The white imp freezes you.
You feel a terrible chill!
You closely miss the white imp. The white imp gestures at you.
The puff of frost hits you!
You feel a terrible chill!
* * * LOW HITPOINT WARNING * * *
You hit the white imp but do no damage.
The white imp hits you but does no damage.
You hit the white imp but do no damage.
The white imp hits you but does no damage.
The white imp barely misses you.
You hit the white imp but do no damage. The white imp gestures at you.
The puff of frost hits you!
You feel a terrible chill!
You die...

#.....# ##...## #####
# #.).# ###...#### #.
#wg.# #......... #.
##S## ##......... #.#
#g# #..........
#..##g#
####....##...#
#..#5###....†..####..
#.#@#...##....# ###
#.....####....#
####### #....# #....#
#....# #....# #....#


You could see 3 gnolls, an adder, a white imp and a dart slug.

Vanquished Creatures
  An adder (D:3)
  A worm (D:3)
  2 bats
  5 endoplasms
  A giant cockroach (D:2)
  A goblin (D:2)
  3 hobgoblins
  4 kobolds
  A quokka (D:1)
  A ball python (D:3)
  2 frilled lizards
  7 rats
29 creatures vanquished.

Notes
Turn   | Place    | Note
-------+----------+-------------------------------------------
     0 | D:1      | Vulpanium the Djinni Monk began the quest for the Orb.
     0 | D:1      | Reached XP level 1. HP: 20/20 MP: 0/0
   494 | D:1      | Reached XP level 2. HP: 25/25 MP: 0/0
  1651 | D:2      | Reached XP level 3. HP: 30/30 MP: 0/0
  1651 | D:2      | Learned a level 1 spell: Necrotise
  2601 | D:3      | HP: 1/30 [white imp/puff of frost (10)]
  2604 | D:3      | Killed from afar by a white imp

Illustrated notes

Levels and vault maps discovered:
D:1:      dpeg_arrival_central, layout_basic
D:2:      layout_loops_cross, minmay_pentomino_t2
D:3:      minmay_general_purpose_star, layout_basic,
          dreamdust_ecumenical_altar_grove

Skill      XL: |  1  2  3 |
---------------+----------+-----
Axes           | 3 |  3.0
Fighting       | |  3.2
Armour         | |  0.8
Dodging        | |  3.8
Stealth        | |  1.7

Action                   || total
-------------------------++-------
Melee: Hand axe          ||   124
 Cast: Necrotise         ||     2
 Stab: Sleeping          ||     3
Armor: Robe              ||    33
       Chain mail        ||    29
Dodge: Dodged            ||    95
